 Dungeon Crawl Stone Soup version 0.16.1-51-g6203257 (webtiles) character file.

7060 RepoMan the Transmogrifier (level 11, -7/52 HPs)
             Began as a Vine Stalker Transmuter on July 17, 2015.
             Was a Priest of Vehumet.
             Mangled by a large abomination (20 damage)
             ... on level 10 of the Dungeon on July 18, 2015.
             The game lasted 02:31:21 (10569 turns).

RepoMan the Transmogrifier (VSTm)                  Turns: 10569, Time: 02:31:21

Health: -7/52      AC:  6    Str: 14    XL:     11   Next: 9%
Magic:  0/39       EV: 15    Int: 22    God:    Vehumet [***...]
Gold:   528        SH:  0    Dex: 15    Spells: 5 memorised, 14 levels left

rFire  . . .     SeeInvis .       - Unarmed
rCold  . . .     Clarity  .     s - +0 robe
rNeg   . . .     SustAb   .     (shield currently unavailable)
rPois  .         Gourm    .     o - +1 helmet
rElec  .         Spirit   +     E - +0 cloak
rCorr  .         Warding  .     (gloves currently unavailable)
rMut   +         Stasis   .     (no boots)
MR     +....                    x - amulet of resist mutation
Stlth  ++........               y - +5 ring of intelligence
                                u - ring of magical power

@: blade hands (expiring), hasted, very quick, somewhat resistant to hostile
enchantments, unstealthy
A: fangs 3, rugged brown scales 1, clever 1, regeneration 2, magic shield,
antimagic bite, no device heal 3, rot immunity
a: End Transformation, Renounce Religion


You were on level 10 of the Dungeon.
You worshipped Vehumet.
Vehumet was most pleased with you.
You were not hungry.
You had blades for hands.
You visited 2 branches of the dungeon, and saw 11 of its levels.
You also visited: Sewer.

You collected 528 gold pieces.

Inventory:

Hand weapons
 l - a +3 dagger of chaos
 D - a +3 quarterstaff of chaos
 X - a +0 blowgun
Missiles
 b - 24 arrows
 t - 3 curare-tipped needles
 z - 42 poisoned needles
 A - 4 needles of confusion
Armour
 o - a +1 helmet (worn)
 s - a +0 robe (worn)
 E - a +0 cloak (worn)
 F - a troll hide
Magical staves
 j - an uncursed staff of energy
Jewellery
 p - a +3 ring of strength
 u - a ring of magical power (left scythe-like blade)
 x - an amulet of resist mutation (around neck)
 y - a +5 ring of intelligence (right scythe-like blade)
 C - an uncursed ring of fire
 Q - a cursed -2 ring of intelligence
 S - an uncursed ring of protection from cold
Magical devices
 e - a wand of frost (18)
 B - a wand of paralysis (13)
 W - a wand of heal wounds (3)
 Y - a wand of draining (4)
 Z - a wand of invisibility (1)
Scrolls
 i - a scroll of identify
 m - 5 scrolls of enchant armour
 w - 3 scrolls of magic mapping
 I - 3 scrolls of teleportation
 M - a scroll of amnesia
 N - 2 scrolls of enchant weapon
 O - a scroll of fog
 U - 5 scrolls of remove curse {unknown}
Potions
 f - 3 potions of brilliance
 g - a potion of cure mutation
 k - 2 potions of ambrosia
 q - 2 potions of magic
 v - 2 potions of agility
 H - a potion of flight
 K - 4 potions of curing
 L - 3 potions of might
 V - 2 potions of resistance
Books
 d - a book of Changes

   Spells                             Type                      Level
   a - Beastly Appendage              Transmutation                1
   b - Sticks to Snakes               Transmutation                2
   c - Spider Form                    Transmutation/Poison         3
   d - Ice Form                       Ice/Transmutation            4
   e - Blade Hands                    Transmutation                5
 n - a book of the Dragon

   Spells                             Type                      Level
   a - Flight                         Charms/Air                   3
   b - Cause Fear                     Hexes                        4
   c - Bolt of Fire                   Conjuration/Fire             6
   d - Dragon Form                    Transmutation                7
   e - Dragon's Call                  Summoning                    9
 T - a book of Fire

   Spells                             Type                      Level
   a - Ignite Poison                  Fire/Transmutation           5
   b - Fireball                       Conjuration/Fire             5
   c - Bolt of Fire                   Conjuration/Fire             6
   d - Delayed Fireball               Conjuration/Fire             7
   e - Ring of Flames                 Charms/Fire                  7
Comestibles
 a - 10 bread rations
 G - a slice of pizza
 P - 7 beef jerkies


   Skills:
 + Level 2.6 Fighting
 - Level 0.5 Armour
 + Level 5.5 Dodging
 - Level 1.0 Stealth
 * Level 7.8 Unarmed Combat
 + Level 9.5 Spellcasting
 * Level 9.8 Transmutations


You had 14 spell levels left.
You knew the following spells:

 Your Spells              Type           Power        Failure   Level  Hunger
a - Beastly Appendage     Trmt           ######       8%          1    None
b - Blade Hands           Trmt           ######....   28%         5    ####...
c - Spider Form           Trmt/Pois      ####......   24%         3    None
d - Ice Form              Ice/Trmt       ####....     50%         4    ##.....
s - Sticks to Snakes      Trmt           ######....   10%         2    None


Dungeon Overview and Level Annotations

Branches:
Dungeon (10/15)            Temple (1/1) D:6            Lair (0/8) D:10
    Orc: D:9-12

Altars:
Ashenzari
Cheibriados
Dithmenos
Elyvilon
Fedhas
Gozag
Kikubaaqudgha
Makhleb
Nemelex Xobeh
Okawaru
Qazlal
Ru
Sif Muna
Trog
Vehumet
Xom
Yredelemnul
Zin
The Shining One

Shops:
D:4 }   D:7 }


Innate Abilities, Weirdness & Mutations

You have razor-sharp teeth.
You heal very quickly.
When hurt, damage is shared between your health and your magic reserves.
Your bite disrupts and absorbs the magic of your enemies.
Potions and wands cannot restore your health.
You are immune to rotting.
You are partially covered in rugged brown scales (AC +1, +3% HP).
Your mind is acute. (Int +2)


Message History

You slash the large abomination!
The large abomination is lightly damaged.
The large abomination barely misses you.
You slice the large abomination!!
You bite the large abomination, but do no damage.
The large abomination is severely damaged.
The large abomination hits you!!
You hit the large abomination but do no damage.
The large abomination is severely damaged.
The large abomination hits you!!!
* * * LOW HITPOINT WARNING * * *
Your transformation is almost over.
Read which item? (? for menu, Esc to quit)
Okay, then.
Evoke which item? (* to show all) (? for menu, Esc to quit)
You have no means to grasp a wand firmly enough.
Unknown command.
Drink which item? (? for menu, Esc to quit)
You feel yourself speed up. The large abomination hits you!!
You die...

.#..#####............>.....#
...## ##.......##.....)....#
.### #.....#####.........##
..# ###...#.# #.#########
#.###.......#####.#
#..#..#...##...##.#
##.####........#..#
##..##....##...#.##
..........##...#@#
##....##.......#X#
........####...x.#
#######........###
#.####...# ### #...# #####


You could see a large abomination and a small abomination.

Vanquished Creatures
  Psyche (D:8)
  7 yaks
  A wyvern (D:10)
  2 large abominations (D:10)
  A hippogriff (D:6)
  A hungry ghost (D:7)
  A steam dragon (D:9)
  An orc warrior (D:9)
  An ice beast (D:9)
  5 ogres
  A wasp (D:7)
  A sky beast (D:10)
  5 centaurs
  A necrophage (D:10)
  Duvessa (D:7)
  7 giant frogs
  A gnoll sergeant (D:8)
  5 big kobolds (Sewer)
  4 scorpions
  6 killer bees
  A goliath beetle (D:6)
  A lava snake (D:8)
  3 crimson imps
  A centaur zombie (D:7)
  5 small abominations (D:10)
  A giant frog zombie (D:5)
  A giant frog skeleton (D:10)
  An orc priest (D:4)
  A hound (D:4)
  3 jellies
  3 orc wizards
  An iguana (D:9)
  5 worker ants
  A hound zombie (D:6)
  A river rat (D:6)
  6 gnolls
  4 shadow imps
  17 adders
  4 giant mites
  5 worms
  An adder zombie (D:9)
  An adder skeleton (D:8)
  4 giant geckos
  3 oozes
  24 orcs
  12 bats
  2 bat skeletons (D:5)
  8 giant cockroaches
  12 hobgoblins
  7 jackals
  3 quokkas
  7 ball pythons
  6 giant newts
  12 goblins
  19 kobolds
  11 rats
250 creatures vanquished.

Vanquished Creatures (collateral kills)
  A wizard (D:10)
  The ghost of Gargoyl the Skirmisher, an experienced GrBe of Trog (D:8)
  A troll (D:10)
  The ghost of jyrma the Magician, an average DEWz of Vehumet (D:5)
  Eustachio (D:7)
  A yak (D:9)
  The ghost of Gargoyl the Skirmisher, an average GrBe of Trog (D:6)
  A centaur (D:5)
  A giant frog (D:10)
  Sigmund (D:2)
  4 killer bees (D:9)
  Dowan (D:7)
  Crazy Yiuf (D:3)
  2 quasits
  2 crimson imps
  An orc wizard (D:5)
  2 worker ants
  A mummy (D:7)
  A gnoll (D:8)
  2 adders
  A worm (D:2)
  A giant gecko (D:5)
  2 orcs (D:5)
  2 goblins
  A hobgoblin (D:7)
  2 jackals (D:3)
  A bat (D:10)
  A giant newt (D:2)
  2 kobolds
  A quokka (D:7)
  3 rats
44 creatures vanquished.

Vanquished Creatures (others)
  A kobold (D:5)
1 creature vanquished.

Grand Total: 295 creatures vanquished

Notes
Turn   | Place    | Note
--------------------------------------------------------------
     0 | D:1      | RepoMan, the Vine Stalker Transmuter, began the quest for the Orb.
     0 | D:1      | Reached XP level 1. HP: 9/9 MP: 3/3
   200 | D:1      | Reached XP level 2. HP: 14/14 MP: 4/6
   245 | D:1      | Learned a level 2 spell: Sticks to Snakes
   479 | D:1      | Reached XP level 3. HP: 13/17 MP: 7/7
   980 | D:2      | Noticed Sigmund
   997 | D:2      | Killed Sigmund
   997 | D:2      | Reached skill level 1 in Stealth
   997 | D:2      | Reached skill level 4 in Unarmed Combat
   997 | D:2      | Reached XP level 4. HP: 21/21 MP: 1/9
  1050 | D:2      | Found a blossoming altar of Fedhas.
  1051 | D:2      | Found an opulent altar of Gozag.
  1207 | D:2      | Found a bloodstained altar of Trog.
  1745 | D:3      | Reached XP level 5. HP: 25/25 MP: 12/12
  1931 | D:3      | Found an iron altar of Okawaru.
  2208 | D:3      | Found a sparkling altar of Nemelex Xobeh.
  2296 | D:3      | Noticed Crazy Yiuf
  2328 | D:3      | Killed Crazy Yiuf
  2328 | D:3      | Gained mutation: You heal very quickly. [vine stalker growth]
  2328 | D:3      | Reached XP level 6. HP: 29/29 MP: 3/15
  2579 | D:3      | Gained mutation: You are partially covered in rugged brown scales (AC +1, +3% HP). [potion of mutation]
  3140 | D:4      | Found a shimmering altar of Xom.
  3366 | D:4      | Found a white marble altar of Elyvilon.
  3406 | D:4      | Found Thasm's Gadget Shoppe.
  3446 | D:4      | Reached XP level 7. HP: 27/32 MP: 18/18
  3610 | D:5      | Entered Level 5 of the Dungeon
  3795 | D:5      | Reached skill level 5 in Spellcasting
  3852 | D:5      | Reached skill level 5 in Unarmed Combat
  3906 | D:5      | Noticed jyrma's ghost (average DEWz)
  3914 | D:5      | Noticed a yak
  3915 | D:5      | Noticed a yak
  3915 | D:5      | Noticed a yak
  4205 | D:5      | Killed jyrma's ghost
  4205 | D:5      | Gained mutation: You have razor-sharp teeth. [vine stalker growth]
  4205 | D:5      | Reached XP level 8. HP: 38/38 MP: 19/22
  4396 | D:5      | Noticed a yak
  4419 | D:5      | Killed a yak
  4421 | D:5      | Reached skill level 6 in Spellcasting
  4556 | D:5      | Reached skill level 5 in Transmutations
  4727 | D:5      | Killed a yak
  4866 | D:6      | Noticed Gargoyl's ghost (average GrBe)
  4903 | D:6      | Killed Gargoyl's ghost
  4950 | D:6      | Found a basalt altar of Yredelemnul.
  4963 | D:6      | Found a staircase to the Ecumenical Temple.
  5066 | D:6      | Found a glowing drain.
  5109 | Sewer    | Entered a sewer
  5247 | Sewer    | Reached skill level 7 in Spellcasting
  5317 | Sewer    | Reached XP level 9. HP: 41/41 MP: 25/25
  5493 | Sewer    | Learned a level 3 spell: Spider Form
  5505 | Sewer    | Learned a level 4 spell: Ice Form
  5511 | Sewer    | Learned a level 5 spell: Blade Hands
  5606 | Temple   | Entered the Ecumenical Temple
  6040 | D:6      | Found a radiant altar of Vehumet.
  6040 | D:6      | Found a burning altar of Makhleb.
  6052 | D:6      | Became a worshipper of Vehumet
  6435 | D:7      | Found Zuimamy's Gadget Shop.
  6492 | D:7      | Noticed Eustachio
  6499 | D:7      | Paralysed by a wasp for 1 turns
  6589 | D:7      | Killed Eustachio
  6651 | D:7      | Reached skill level 8 in Spellcasting
  6963 | D:7      | Noticed Duvessa
  6967 | D:7      | Noticed Dowan
  6981 | D:7      | Killed Duvessa
  7003 | D:7      | Killed Dowan
  7391 | D:8      | Acquired Vehumet's first power
  7391 | D:8      | Offered knowledge of Shock by Vehumet.
  7466 | D:8      | Noticed Gargoyl's ghost (experienced GrBe)
  7498 | D:8      | Killed Gargoyl's ghost
  7791 | D:8      | Reached XP level 10. HP: 45/45 MP: 28/28
  7969 | D:8      | Noticed Psyche
  7983 | D:8      | Killed Psyche
  8524 | D:9      | Reached skill level 9 in Spellcasting
  8646 | D:9      | Reached skill level 1 in Fighting
  8771 | D:9      | Offered knowledge of Throw Flame by Vehumet.
  8902 | D:9      | Reached skill level 5 in Dodging
  8938 | D:9      | Identified a scroll of acquirement
  9404 | D:10     | Entered Level 10 of the Dungeon
  9755 | D:10     | Offered knowledge of Throw Frost by Vehumet.
 10037 | D:10     | Found a staircase to the Lair.
 10126 | D:10     | Noticed a wizard
 10141 | D:10     | Killed a wizard
 10141 | D:10     | Reached XP level 11. HP: 47/52 MP: 27/30
 10151 | D:10     | Noticed a large abomination
 10151 | D:10     | Noticed a large abomination
 10155 | D:10     | Acquired Vehumet's second power
 10175 | D:10     | Noticed a large abomination
 10436 | D:9      | Gained mutation: Your mind is acute. (Int +2) [potion of beneficial mutation]
 10569 | D:10     | Mangled by a large abomination

Action                   |  1- 3 |  4- 6 |  7- 9 | 10-12 || total
-------------------------+-------+-------+-------+-------++-------
Melee: Unarmed           |    88 |   274 |   348 |   255 ||   965
 Fire: Blowgun           |       |       |    61 |    40 ||   101
Throw: Throwing net      |       |       |       |     2 ||     2
 Cast: Beastly Appendage |     7 |    16 |    34 |    19 ||    76
       Sticks to Snakes  |     6 |    19 |    64 |    20 ||   109
       Ice Form          |       |       |     1 |     2 ||     3
       Spider Form       |       |       |     1 |       ||     1
       Blade Hands       |       |       |       |    10 ||    10
 Abil: End Transformatio |       |       |     1 |       ||     1
Evoke: Wand              |       |       |       |    11 ||    11
  Use: Potion            |       |     8 |     1 |     6 ||    15
       Scroll            |       |     4 |     5 |    16 ||    25
 Stab: Sleeping          |     5 |     2 |     5 |     1 ||    13
       Distracted        |       |     1 |       |     1 ||     2
       Invisible         |       |       |       |     1 ||     1
       Paralysed         |       |       |       |     1 ||     1
  Eat: Chunk             |       |    10 |    12 |     8 ||    30
       Fruit             |       |       |     2 |     2 ||     4
       Pizza             |       |       |       |     1 ||     1
       Beef jerky        |       |       |       |     1 ||     1
